 Dungeon Crawl Stone Soup version 0.27-a0-920-gb2bd10914a (webtiles) character file.

Game seed: 7533365099737841508

296 dickylongcocking the Insei (level 6, -5/38 HPs)
             Began as an Octopode Transmuter on Apr 10, 2021.
             Slain by Duvessa
             ... wielding a +0 short sword
              (12 damage)
             ... on level 4 of the Dungeon.
             The game lasted 00:02:33 (4876 turns).

dickylongcocking the Insei (Octopode Transmuter)    Turns: 4876, Time: 00:02:34

Health: -5/38      AC:  2    Str:  9    XL:     6   Next: 35%
Magic:  8/10       EV: 20    Int: 17    God:
Gold:   102        SH:  0    Dex: 18    Spells: 4/10 levels left

rFire    . . .     SeeInvis .     - Unarmed
rCold    . . .     Faith    .   (shield currently unavailable)
rNeg     . . .     Spirit   .   (helmet currently unavailable)
rPois    x         Reflect  .   (no amulet)
rElec    .         Harm     .   (no ring)
rCorr    .         Rampage  .   (no ring)
Will     .....                  (no ring)
Stlth    +++.......             (no ring)
HPRegen  0.12/turn              (no ring)
MPRegen  0.12/turn              (no ring)
                                (no ring)
                                (no ring)

@: brilliant, spider-form
A: venomous fangs, almost no armour, (amphibious), 8 rings, tiny, (camouflage
1), (gelatinous body 1), (nimble swimmer 1), (tentacles)
a: End Transformation


You were on level 4 of the Dungeon.
You were a venomous arachnid creature.
You visited 1 branch of the dungeon, and saw 4 of its levels.

You collected 102 gold pieces.

Inventory:

Scrolls
 b - 2 scrolls of enchant weapon {unknown}
 d - 2 scrolls of teleportation {unknown}
 e - 3 scrolls of identify {unknown}
 f - 2 scrolls of fear {unknown}
 g - a scroll of immolation {unknown}
 i - a scroll of amnesia {unknown}
 k - a scroll of magic mapping {unknown}
Potions
 a - a potion of berserk rage {unknown}
 c - 2 potions of lignification {unknown}
 h - a potion of curing {unknown}
 j - 2 potions of brilliance


   Skills:
 + Level 1.3 Fighting
 + Level 2.4 Dodging
 + Level 4.2 Stealth
 + Level 4.9 Unarmed Combat
 + Level 2.7 Spellcasting
 + Level 2.6 Transmutations
 + Level 1.0 Poison Magic


You had 4 spell levels left.
You knew the following spells:

 Your Spells              Type           Power      Damage    Failure   Level
a - Beastly Appendage     Tmut           34%        N/A       17%         1
b - Wereblood             Tmut           17%        N/A       22%         2
c - Spider Form           Tmut/Pois      6%         N/A       47%         3

Your spell library contained the following spells:

 Spells                   Type           Power      Damage    Failure   Level
 Ice Form                 Ice/Tmut       10%        N/A       87%         4
 Hydra Form               Tmut           8%         N/A       95%         5


Dungeon Overview and Level Annotations

Branches:
Dungeon (4/15)
 Temple: D:4-7

Altars:

Annotations:
D:4 Dowan, Duvessa, Robin


Innate Abilities, Weirdness & Mutations

You are a venomous arachnid creature.
You have poisonous fangs.
You are tiny and dextrous.
Your spellcasting is less reliable in this form.
Your armour is entirely melded.
You are incapable of wielding weapons or throwing items.
You cannot wear most types of armour.
((You are amphibious.))
You can wear up to eight rings at the same time.
((Your skin changes colour to match your surroundings (Stealth+).))
((Your rubbery body absorbs attacks. (AC +1, EV +1)))
((You are camouflaged near water. (Stealth+)))
((You have tentacles for arms and can constrict up to eight enemies at once.))


Message History

You open the large door.
There is a large open door here.
Duvessa, Sister of Dowan comes into view.
She is wielding a +0 short sword.
Found a chain mail.
Duvessa is nearby!
Dowan, Brother of Duvessa comes into view.
He is wielding a +0 dagger.
There are monsters nearby!
A hobgoblin comes into view.
Duvessa shouts!
Dowan shouts!
You hear a shout! x2
A goblin comes into view. It is wielding a +0 dagger.
Dowan points at Duvessa and mumbles some strange words.
Duvessa seems to speed up.
You hear a shout!
You aren't carrying any items that you can evoke.
Unknown command.
Duvessa says, "When magic and the sword combine, nothing stands against them."
Duvessa hits you with a +0 short sword! x2
There is a large open door here.
Okay, then.
Okay, then.
Okay, then.
Okay, then.
It was a potion of brilliance.
You feel clever all of a sudden. Duvessa misses you.
Casting: Spider Form (quite dangerous; 26% risk of failure)
Confirm with . or Enter, or press ? or * to list all spells.
The spell is quite dangerous to cast (26% risk of failure)!
Continue anyway?
You feel a surge of power!
You turn into a venomous arachnid creature.
Duvessa hits you with a +0 short sword!
* * * LOW HITPOINT WARNING * * *
Robin of the Strong Arm comes into view.
They are wielding a +0 short sword of protection.
Duvessa hits you with a +0 short sword.
* * * LOW HITPOINT WARNING * * *
Unknown command.
You bite Duvessa!
Duvessa is poisoned.
Duvessa is moderately wounded.
Duvessa hits you with a +0 short sword!
You die...

#.###..##..##<.#
#.##≈≈....[g≈
#.###.###..##.##
###≈≈........
.##...###..#..#
##≈≈g........
...#...##..#..#
##≈≈..........
#.###.........#
#≈≈....≈≈≈≈≈≈. #.#
##.........###≈e...≈8####8≈
#### #...#####...#≈g...≈##
≈ #.# ##..# ##.'.....≈#
#.###..## #se.....≈#
##.....### ###.#≈....≈#
#.##.....####...#≈....≈8#
#.###...........#≈≈....≈≈
#..###..........##≈≈.....
##.####........>.##≈≈....
#).##............##≈≈..
##.#...........###
#............##


You could see Duvessa (fast, very poisoned), Dowan, Robin and a goblin.

Vanquished Creatures
  A centaur (D:3)
  An orc priest (D:2)
  Crazy Yiuf (D:2)
  Jessica (D:3)
  3 gnolls
  3 adders
  A worm (D:2)
  2 dart slugs (D:1)
  8 orcs
  3 ball pythons
  6 bats
  3 endoplasms
  2 giant cockroaches
  3 goblins
  5 hobgoblins
  8 jackals
  7 kobolds
  2 quokkas
  3 frilled lizards
  6 rats
69 creatures vanquished.

Vanquished Creatures (others)
  2 adders (D:2)
  A frilled lizard (D:2)
  A plant (D:3)
4 creatures vanquished.

Grand Total: 73 creatures vanquished

Notes
Turn   | Place    | Note
-------+----------+-------------------------------------------
     0 | D:1      | dickylongcocking the Octopode Transmuter began the quest
                  | for the Orb.
     0 | D:1      | Reached XP level 1. HP: 13/13 MP: 3/3
    91 | D:1      | Reached XP level 2. HP: 17/18 MP: 3/5
   428 | D:1      | Reached skill level 1 in Stealth
   642 | D:1      | Reached XP level 3. HP: 23/23 MP: 6/6
  1098 | D:1      | HP: 1/23 [gnoll/+0 flail (12)]
  1410 | D:1      | Learned a level 2 spell: Wereblood
  1414 | D:1      | Learned a level 3 spell: Spider Form
  1423 | D:2      | Reached XP level 4. HP: 5/28 MP: 4/7
  1923 | D:2      | Found a faded altar of an unknown god.
  1942 | D:2      | Found a runed translucent door.
  1943 | D:2      | Noticed Crazy Yiuf
  2764 | D:2      | Killed Crazy Yiuf
  2765 | D:2      | Reached XP level 5. HP: 20/33 MP: 4/8
  3419 | D:3      | Noticed Jessica
  3428 | D:3      | Killed Jessica
  4368 | D:3      | Noticed a centaur
  4378 | D:3      | Killed a centaur
  4379 | D:3      | Reached skill level 1 in Poison Magic
  4379 | D:3      | Reached XP level 6. HP: 18/38 MP: 2/10
  4862 | D:4      | Noticed Duvessa
  4864 | D:4      | Noticed Dowan
  4875 | D:4      | Noticed Robin
  4876 | D:4      | Slain by Duvessa

Illustrated notes

Levels and vault maps discovered:
D:1:      psy_arrival_radial01, layout_loops_ring, minmay_misc_feat_ornament,
          bh_walls_and_bars
D:2:      layout_loops_ring, basic_ecumenical_altar, minmay_hedge_maze,
          lemuel_flame_loot_1, uniq_crazy_yiuf_cottage
D:3:      layout_basic, serial_park_tiny_2, saegor_snake_ambush, uniq_jessica
D:4:      layout_layer_cave, gammafunk_ghost_split, kennysheep_big_empty_room,
          uniq_duvessa, uniq_robin

Skill      XL: |  1  2  3  4  5 |
---------------+----------------+-----
Stealth        | 1 2 3 4 |  4.2
Unarmed Combat | 4 |  4.9
Poison Magic   | 1 |  1.0
Fighting       | |  1.3
Dodging        | |  2.4
Spellcasting   | |  2.7
Transmutations | |  2.6

Action                   |  1- 3 |  4- 6 || total
-------------------------+-------+-------++-------
Melee: Unarmed           |    49 |   127 ||   176
       Constrict         |    15 |    26 ||    41
       Tentacles         |     7 |    19 ||    26
       Kick              |     8 |     5 ||    13
       Punch             |     2 |     3 ||     5
 Cast: Beastly Appendage |     6 |     2 ||     8
       Wereblood         |     1 |       ||     1
       Spider Form       |       |     6 ||     6
  Use: Potion            |       |     1 ||     1
 Stab: Sleeping          |    11 |     9 ||    20
Armor: Skin              |     6 |     5 ||    11
Dodge: Dodged            |    32 |    73 ||   105

Table legend: (Time is in decaauts)
 A = Elapsed time spent in this place.
 B = Non-inter-level travel time spent in this place.
 C = Inter-level travel time spent in this place.
 D = Time resting spent in this place.
 E = Time spent auto-exploring this place.
 F = Levels seen in this place.
 G = Mean time per level.
                   A        B        C        D        E       F      G
               +--------+--------+--------+--------+--------+-----+--------+
         Total |   4875 |   4741 |    134 |    754 |   3498 |   4 | 1218.8 |
       Dungeon |   4875 |   4741 |    134 |    754 |   3498 |   4 | 1218.8 |
               +--------+--------+--------+--------+--------+-----+--------+

Top non-repeatable levels by time:
     D:2: 1835 daAuts
     D:3: 1507 daAuts
     D:1: 1403 daAuts
     D:4: 128 daAuts
